 Dungeon Crawl Stone Soup version 0.18.1-47-g9310371 (webtiles) character file.

275218 spiff the Devastator (level 19, -25/116 HPs)
             Began as a Deep Elf Fire Elementalist on June 19, 2016.
             Was the Champion of Vehumet.
             Shot with a bolt by a yaktaur captain (32 damage)
             ... on level 4 of the Vaults.
             The game lasted 03:59:17 (66431 turns).

spiff the Devastator (Deep Elf Fire Elementalist)  Turns: 66431, Time: 03:59:18

Health: -25/116    AC: 15    Str:  5    XL:     19   Next: 93%
Magic:  23/50      EV: 29    Int: 37    God:    Vehumet [******]
Gold:   1980       SH:  8    Dex: 18    Spells: 10 memorised, 8 levels left

rFire  . . .     SeeInvis +     S - +3 trident "Jasiky" {vamp, Int+8} (curse)
rCold  + + .     Gourm    +     M - +4 robe of Night {+Inv MR+ SInv Stlth+}
rNeg   + . .     Faith    .     o - +4 buckler "Sinaz" {rC+ Regen+}
rPois  .         Spirit   .     e - +2 hat
rElec  .         Dismiss  .     N - +2 cloak {+Inv}
rCorr  .         Reflect  .     n - +2 pair of gloves
SustAt .         Harm     .     T - +0 pair of boots "Ynischig" {rC+ rN+ Dex+3}
MR     ++...                    v - amulet of the gourmand
Stlth  +++.......               Y - ring of magical power (curse)
                                b - +6 ring of evasion

@: very slightly contaminated, delayed fireball, very resistant to hostile
enchantments, fairly stealthy
A: no striking features
a: Renounce Religion, Release Delayed Fireball, Evoke Invisibility
}: 1/15 runes: gossamer


You were on level 4 of the Vaults.
You worshipped Vehumet.
Vehumet was exalted by your worship.
You were full.

You visited 6 branches of the dungeon, and saw 34 of its levels.
You also visited: Labyrinth.

You collected 3811 gold pieces.
You spent 1831 gold pieces at shops.

Inventory:

Hand Weapons
 s - the +4 flail of No Interval {vamp, rF+ rC- Str+3 Stlth+}
   (You found it on level 3 of the Spider Nest)

   It inflicts no extra harm, but heals its wielder somewhat when it strikes a
   living foe.
   It affects your strength (+3).
   It protects you from fire.
   It makes you vulnerable to cold.
   It makes you more stealthy.
 J - a +1 flail of protection
 S - the cursed +3 trident "Jasiky" (weapon) {vamp, Int+8}
   (You found it on level 13 of the Dungeon)

   It inflicts no extra harm, but heals its wielder somewhat when it strikes a
   living foe.
   It affects your intelligence (+8).
   It has a curse placed upon it.
Armour
 e - a +2 hat (worn)
 n - a +2 pair of gloves (worn)
 o - the +4 buckler "Sinaz" (worn) {rC+ Regen+}
   (You took it off a kobold demonologist on level 12 of the Dungeon)

   It protects you from cold.
   It increases your rate of regeneration.
 M - the +4 robe of Night (worn) {+Inv MR+ SInv Stlth+}
   (You found it on level 3 of the Spider Nest)

   It affects your resistance to hostile enchantments.
   It lets you see invisible.
   It lets you turn invisible.
   It makes you more stealthy.
 N - a +2 cloak of invisibility (worn)
 T - the +0 pair of boots "Ynischig" (worn) {rC+ rN+ Dex+3}
   (You found it on level 6 of the Lair of Beasts)

   It affects your dexterity (+3).
   It protects you from cold.
   It protects you from negative energy.
Rods
 k - a +5 rod of clouds (12/12)
   (You took it off a minotaur in a labyrinth)
 t - a +3 rod of inaccuracy (10/10)
   (You found it in a labyrinth)
Jewellery
 b - a +6 ring of evasion (left hand)
 q - an uncursed amulet of dismissal
 v - an amulet of the gourmand (around neck)
 D - a +2 ring of protection
 K - an uncursed ring of protection from fire
 Y - a cursed ring of magical power (right hand)
Wands
 f - a wand of iceblast (11/15)
 m - a wand of lightning (7/15)
 u - a wand of paralysis (17/24)
 w - a wand of iceblast (11/15)
 y - a wand of disintegration (3/24)
 P - a wand of confusion (25/48)
 V - a wand of iceblast (4/15)
 X - a wand of heal wounds (4/9)
Scrolls
 a - 2 scrolls of recharging
 g - a scroll of summoning
 h - 11 scrolls of teleportation
 i - 9 scrolls of identify
 l - 4 scrolls of vulnerability
 p - 5 scrolls of fog
 z - a scroll of magic mapping
 A - 5 scrolls of remove curse
 F - 5 scrolls of fear
 L - a scroll of enchant armour
 Q - a scroll of holy word {unknown}
 R - a scroll of torment {unknown}
Potions
 d - 9 potions of curing
 x - 5 potions of agility
 B - a potion of cure mutation
 C - a potion of mutation {unknown}
 E - 3 potions of brilliance
 G - 3 potions of heal wounds
 I - 4 potions of might
 O - 3 potions of ambrosia
 U - 3 potions of cancellation
 W - 2 potions of resistance
Comestibles
 c - 20 bread rations
 j - 23 fruits
 r - a slice of pizza
 H - a meat ration
 Z - 2 beef jerkies


   Skills:
 - Level 12.0 Fighting
 - Level 14.0 Dodging
 - Level 2.4 Stealth
 - Level 16.2 Spellcasting
 + Level 20.5 Conjurations
 - Level 5.1 Charms
 - Level 7.2 Summonings
 - Level 6.1 Necromancy
 + Level 17.7 Translocations
 - Level 15.0 Fire Magic


You had 8 spell levels left.
You knew the following spells:

 Your Spells              Type           Power        Failure   Level  Hunger
a - Flame Tongue          Conj/Fire      #####        0%          1    None
b - Orb of Destruction    Conj           ########..   1%          7    ###....
c - Spellforged Servitor  Conj/Summ      #######...   2%          7    ###....
d - Fireball              Conj/Fire      ########..   1%          5    None
e - Conjure Flame         Conj/Fire      ########     0%          3    None
f - Delayed Fireball      Conj/Fire      N/A          1%          7    ###....
g - Controlled Blink      Tloc           N/A          12%         8    #####..
r - Regeneration          Chrm/Necr      ######....   1%          3    None
s - Sticky Flame          Conj/Fire      ########     0%          4    None
t - Shroud of Golubria    Chrm/Tloc      #######...   1%          2    None


Dungeon Overview and Level Annotations

Branches:
Dungeon (15/15)            Temple (1/1) D:5            Lair (8/8) D:10
 Shoals (0/4) Lair:6       Spider (4/4) Lair:4        Slime (0/6) Lair:8
    Orc (2/2) D:9             Elf (0/3) Orc:2        Vaults (4/5) D:14
  Crypt (0/3) Vaults:3     Depths (0/5) D:15

Altars:
Ashenzari
Cheibriados
Dithmenos
Elyvilon
Fedhas
Gozag
Kikubaaqudgha
Makhleb
Nemelex Xobeh
Okawaru
Pakellas
Qazlal
Ru
Sif Muna
Trog
Vehumet
Xom
Yredelemnul
Zin
The Shining One
Beogh

Shops:
D:4 [   D:6 =   D:7 *   D:12 *(*   Orc:2 }?*?   Vaults:1 (%=%   Vaults:2 [

Annotations:
D:12 manual trlo


Message History

Unknown command.
Casting: Orb of Destruction
Confirm with . or Enter, or press ? or * to list all spells.
Aiming: Orb of Destruction
Press: ? - help, Shift-Dir - straight line, f/p - fire giant
Aim: a fire giant, wielding a great sword of flaming (heavily wounded)
The fire giant gestures at you while chanting.
The fireball explodes!
The fireball engulfs you!
Ouch! That really hurt!
* * * LOW HITPOINT WARNING * * *
You hear a shout! x3
Casting: Orb of Destruction
Confirm with . or Enter, or press ? or * to list all spells.
Blink to where?
Press: ? - help, Dir - move target cursor, p - fire giant You are very lightly contaminated with residual magic.
A yaktaur captain comes into view.
The yaktaur captain wields an arbalest.
The yaktaur captain shoots a bolt.
The bolt hits you!!
You die...

..#...*......##'######.....
..###§#####..#.......#..###
#.§....#..#.#...#.#..#
#......#..#.......#..#
#......#.c'.......#..#
#......#..#.......#..#
#.....(#..#.#...#.#..#
#......#..#.......#..#
#......@..####'####.[#
#......#...#......#..#
########...#......#..#
#...#......#..# #####
#...#......#[.###
#...#...#...#.[....#..#..
.....#.#.#...#...#[.....#..'..
......#.#.#..##...#......'..'..
......#.(..(.##...#......#..#..


You could see a yaktaur captain.

Vanquished Creatures
  Arachne (Spider:3)
  2 liches
  An ancient champion (Vaults:3)
  3 sphinxes
  A storm dragon (Vaults:1)
  2 revenants (Vaults:3)
  Maud (D:13)
  A frost giant (Vaults:4)
  3 emperor scorpions
  9 vault wardens
  5 ghost moths
  A curse skull (Vaults:3)
  17 ironheart preservers
  A war gargoyle (Vaults:4)
  4 stone giants
  2 spark wasps
  A deep elf annihilator (Vaults:3)
  A salamander stormcaller (Vaults:2)
  3 deep elf demonologists
  2 deep elf death magi (Vaults:2)
  An ettin (Vaults:3)
  11 vault guards
  A fire dragon (Vaults:2)
  4 yaktaur captains
  A minotaur (Lab)
  Erolcha (D:13)
  2 great orbs of eyes
  Harold (Lair:2)
  An ice dragon (Vaults:4)
  8 hydras
  3 entropy weavers
  A rakshasa (Vaults:1)
  A catoblepas (Lair:7)
  2 death knights
  10 ogre magi
  6 centaur warriors
  The ghost of n0ize the Fighter, a novice CeFi of Okawaru (D:9)
  A tengu warrior (D:15)
  4 deep troll shamans
  2 deep troll earth magi (Vaults:3)
  A queen ant (Lair:7)
  5 orc high priests (Orc:2)
  10 death yaks
  The ghost of Xiguana the Grappler, a journeyman VSMo of Cheibriados (D:10)
  7 deep elf knights
  3 skeletal warriors (D:13)
  A shadow wraith (Vaults:4)
  An iron troll (D:13)
  A giant orange brain (D:15)
  6 deep trolls
  5 unseen horrors
  4 flayed ghosts
  5 deep elf archers
  A swamp dragon (shapeshifter) (Vaults:1)
  A phantasmal warrior (Vaults:3)
  14 ironbrand convokers
  8 hill giants
  3 necromancers
  A harpy (shapeshifter) (Vaults:1)
  9 deep elf magi
  2 wizards
  37 wolf spiders
  15 orb spiders
  13 ugly things
  15 orc knights
  2 orb spiders (shapeshifter) (D:15)
  A wolf spider zombie (D:14)
  5 griffons
  4 harpies (Vaults:4)
  9 hornets
  5 cyclopes
  A moth of wrath (Spider:2)
  5 orc sorcerers
  15 elephants
  A stone giant skeleton (Vaults:4)
  7 black mambas
  9 vault sentinels
  A fire giant skeleton (Vaults:4)
  2 gargoyles
  Joseph (D:8)
  19 spiny frogs
  4 torpor snails
  3 human zombies (Vaults:4)
  A rime drake (shapeshifter) (D:15)
  A komodo dragon (shapeshifter) (Vaults:1)
  9 komodo dragons
  2 kobold demonologists
  2 rime drakes
  17 demonic crawlers
  6 freezing wraiths
  A queen bee (Lair:4)
  A redback zombie (D:15)
  13 yaktaurs
  3 spriggan druids (Lair:7)
  A yaktaur skeleton (Vaults:4)
  2 polar bears (Lair:6)
  A tengu conjurer (D:14)
  37 jumping spiders
  14 trolls
  A giant leech (Lair:8)
  15 two-headed ogres
  13 blink frogs
  Prince Ribbit (D:8)
  A blink frog (shapeshifter) (Vaults:1)
  24 slime creatures
  A snapping turtle (Lair:6)
  6 boulder beetles
  An ettin zombie (Vaults:4)
  An ettin skeleton (Vaults:4)
  A shadow (D:13)
  12 spriggans
  25 tarantellas
  88 redbacks
  Eustachio (D:4)
  A redback (shapeshifter) (Vaults:1)
  2 water elementals (D:13)
  2 vampires
  A hog (shapeshifter) (Vaults:3)
  A yak (shapeshifter) (Vaults:3)
  5 basilisks
  A basilisk (shapeshifter) (Vaults:4)
  6 wyverns
  73 yaks
  2 hungry ghosts (D:13)
  17 hippogriffs
  A yaktaur simulacrum (Vaults:2)
  A steam dragon (D:12)
  21 vampire mosquitoes
  6 wargs
  2 mottled dragons
  A human simulacrum (Vaults:4)
  10 soldier ants
  A soldier ant (shapeshifter) (D:15)
  17 water moccasins
  17 porcupines
  4 wasps
  2 black bears
  40 orc warriors
  A sky beast (shapeshifter) (Vaults:2)
  4 ice beasts
  2 sky beasts
  4 phantoms
  A necrophage (D:9)
  A wolf (shapeshifter) (Vaults:2)
  12 boggarts
  6 wolves
  44 ogres
  12 centaurs
  13 crocodiles
  A giant frog (shapeshifter) (D:15)
  35 giant frogs
  3 big kobolds (D:11)
  2 gnoll sergeants
  A water moccasin skeleton (D:9)
  6 scorpions
  34 killer bees
  12 wights
  5 howler monkeys (D:8)
  13 electric eels
  8 crimson imps
  2 giant frog zombies
  4 quasits
  A centaur zombie (D:11)
  10 hounds
  8 jellies
  37 orc priests
  36 orc wizards
  2 giant frog skeletons
  3 centaur skeletons
  11 iguanas
  31 worker ants
  29 sheep
  Robin (D:4)
  14 gnolls
  12 adders
  61 river rats
  7 shadow imps
  12 white imps (Spider:3)
  3 oozes
  An adder zombie (D:10)
  3 adder skeletons
  2 worms (D:4)
  2 dart slugs (D:2)
  5 giant geckos
  115 orcs
  3 ball pythons
  9 giant cockroaches
  13 goblins
  15 hobgoblins
  4 jackals
  6 quokkas
  6 bats
  5 giant gecko skeletons
  A giant gecko zombie (D:6)
  2 giant newts
  19 kobolds
  4 quokka skeletons
  4 rats
  5 fungi
  4 plants
1654 creatures vanquished.

Vanquished Creatures (collateral kills)
  2 orb spiders (Spider:4)
  3 jumping spiders (Spider:4)
  3 redbacks (Spider:4)
  2 tarantellas (Spider:4)
10 creatures vanquished.

Vanquished Creatures (others)
  A river rat (Lair:5)
  69 fungi
  53 plants
123 creatures vanquished.

Grand Total: 1787 creatures vanquished

Notes
Turn   | Place    | Note
--------------------------------------------------------------
     0 | D:1      | spiff the Deep Elf Fire Elementalist began the quest for the Orb.
     0 | D:1      | Reached XP level 1. HP: 10/10 MP: 6/6
   219 | D:1      | Reached XP level 2. HP: 8/15 MP: 4/8
   545 | D:1      | Found a glowing golden altar of the Shining One.
  1133 | D:2      | Found a faded altar to an unknown god.
  1199 | D:1      | Reached XP level 3. HP: 5/19 MP: 5/10
  1204 | D:1      | Learned a level 3 spell: Conjure Flame
  1686 | D:2      | Reached skill level 2 in Conjurations
  2275 | D:3      | Reached XP level 4. HP: 24/24 MP: 8/12
  2414 | D:3      | Learned a level 4 spell: Sticky Flame
  2746 | D:4      | Reached skill level 5 in Spellcasting
  2746 | D:4      | Reached XP level 5. HP: 28/28 MP: 5/14
  2846 | D:4      | Reached skill level 3 in Conjurations
  2938 | D:4      | Noticed Robin
  3179 | D:4      | Killed Robin
  3342 | D:4      | Learned a level 5 spell: Fireball
  3355 | D:4      | Noticed Eustachio
  3371 | D:4      | Killed Eustachio
  3371 | D:4      | Reached skill level 4 in Conjurations
  3371 | D:4      | Reached skill level 5 in Fire Magic
  3371 | D:4      | Reached XP level 6. HP: 29/32 MP: 4/16
  3557 | D:4      | Got a heavily jewelled robe
  3568 | D:4      | Identified the cursed +0 robe of Courage {MP-9 Dex+5} (You found it on level 4 of the Dungeon)
  4018 | D:4      | Reached XP level 7. HP: 36/36 MP: 4/17
  4158 | D:4      | Reached skill level 5 in Conjurations
  4799 | D:4      | Found a burning altar of Makhleb.
  4799 | D:4      | Noticed a balrug
  5020 | D:4      | Found Enuenewu's Antique Armour Shoppe.
  5321 | D:5      | Entered Level 5 of the Dungeon
  5527 | D:5      | Found a staircase to the Ecumenical Temple.
  5533 | Temple   | Entered the Ecumenical Temple
  5584 | Temple   | Became a worshipper of Vehumet
  5650 | D:5      | Reached skill level 6 in Conjurations
  5971 | D:5      | Noticed a troll
  5978 | D:5      | Killed a troll
  5978 | D:5      | Reached skill level 7 in Conjurations
  5978 | D:5      | Reached XP level 8. HP: 32/41 MP: 0/18
  6120 | D:5      | Reached * piety under Vehumet
  6120 | D:5      | Offered knowledge of Magic Dart by Vehumet.
  6222 | D:5      | Found an opulent altar of Gozag.
  6875 | D:6      | Found Susche Uph's Jewellery Emporium.
  7340 | D:6      | Reached XP level 9. HP: 33/45 MP: 9/23
  7637 | D:6      | Offered knowledge of Freeze by Vehumet.
  7764 | D:6      | Found a blossoming altar of Fedhas.
  7797 | D:6      | Reached ** piety under Vehumet
  8605 | D:7      | Reached skill level 10 in Fire Magic
  8900 | D:7      | Identified the Handbook of Talismans and the Blaze
  8955 | D:7      | Learned a level 2 spell: Shroud of Golubria
  9048 | D:7      | Reached skill level 10 in Spellcasting
  9048 | D:7      | Reached skill level 1 in Charms
  9307 | D:7      | Found Fagishro's Serpentskin Sales.
  9786 | D:7      | Reached skill level 1 in Translocations
  9791 | D:7      | Offered knowledge of Ignite Poison by Vehumet.
 10042 | D:8      | Reached skill level 5 in Charms
 10149 | D:8      | Found an oddly glowing altar of Pakellas.
 10153 | D:8      | Noticed Prince Ribbit
 10162 | D:8      | Killed Prince Ribbit
 10483 | D:8      | Reached XP level 10. HP: 45/50 MP: 21/26
 10872 | D:8      | Noticed Joseph
 10889 | D:7      | Reached *** piety under Vehumet
 11032 | D:8      | Killed Joseph
 11141 | D:8      | Found a sparkling altar of Nemelex Xobeh.
 11287 | D:8      | Reached skill level 8 in Conjurations
 11526 | D:9      | Noticed n0ize's ghost (novice CeFi)
 11534 | D:9      | Killed n0ize's ghost
 11644 | D:9      | Learned a level 7 spell: Delayed Fireball
 11691 | D:9      | Found a staircase to the Orcish Mines.
 11763 | D:9      | Noticed a brown ugly thing
 11783 | D:9      | Killed a brown ugly thing
 11985 | D:9      | Reached skill level 9 in Conjurations
 12171 | D:9      | Offered knowledge of Airstrike by Vehumet.
 12216 | D:9      | Noticed a hill giant
 12225 | D:9      | Killed a hill giant
 12437 | D:9      | Found a bloodstained altar of Trog.
 12492 | D:9      | Found a roughly hewn altar of Beogh.
 12839 | D:9      | Reached XP level 11. HP: 41/54 MP: 24/27
 13198 | D:9      | Reached **** piety under Vehumet
 13275 | D:9      | Reached skill level 10 in Conjurations
 13283 | D:9      | Offered knowledge of Venom Bolt by Vehumet.
 13697 | D:10     | Entered Level 10 of the Dungeon
 13701 | D:10     | Noticed a hill giant
 13712 | D:10     | Killed a hill giant
 14124 | D:10     | Noticed Xiguana's ghost (journeyman VSMo)
 14343 | D:10     | Found a staircase to the Lair.
 14412 | D:10     | Killed Xiguana's ghost
 14735 | D:10     | Noticed an unseen horror
 14743 | D:10     | Killed an unseen horror
 14743 | D:10     | Reached skill level 11 in Conjurations
 15144 | D:10     | Noticed an unseen horror
 15147 | D:10     | Killed an unseen horror
 15759 | Lair:1   | Entered Level 1 of the Lair of Beasts
 16190 | Lair:1   | Learned a level 3 spell: Regeneration
 16365 | Lair:1   | Reached skill level 1 in Necromancy
 17475 | Lair:2   | Reached XP level 12. HP: 49/59 MP: 10/29
 17785 | Lair:2   | Reached skill level 5 in Necromancy
 17835 | Lair:2   | Noticed Harold
 17843 | Lair:2   | Killed Harold
 17875 | Lair:2   | Reached ***** piety under Vehumet
 18059 | Lair:2   | Offered knowledge of Throw Icicle by Vehumet.
 18798 | Lair:2   | Learned a level 3 spell: Regeneration
 19138 | Lair:3   | Found a labyrinth entrance.
 19153 | Lab      | Entered a labyrinth
 20078 | Lab      | Noticed a minotaur
 20094 | Lab      | Killed a minotaur
 20999 | Lair:4   | Found a hole to the Spider Nest.
 21328 | Lair:4   | Noticed a seven-headed hydra
 21403 | Lair:4   | Killed a seven-headed hydra
 22206 | Lair:4   | Reached XP level 13. HP: 63/63 MP: 28/33
 22298 | Lair:4   | Offered knowledge of Orb of Destruction by Vehumet.
 22307 | Lair:4   | Learned a level 7 spell: Orb of Destruction
 22662 | Lair:5   | Reached skill level 15 in Fire Magic
 23295 | Lair:5   | Reached skill level 15 in Spellcasting
 24120 | Lair:6   | Reached skill level 12 in Conjurations
 24728 | Lair:6   | Found a staircase to the Shoals.
 25200 | Lair:6   | Got a pair of dazzling boots
 25206 | Lair:6   | Identified the +0 pair of boots "Ynischig" {rC+ rN+ Dex+3} (You found it on level 6 of the Lair of Beasts)
 26257 | Lair:7   | Reached skill level 13 in Conjurations
 26625 | Lair:7   | Offered knowledge of Conjure Ball Lightning by Vehumet.
 26987 | Lair:7   | Reached skill level 14 in Conjurations
 27209 | Lair:7   | Reached skill level 1 in Fighting
 27465 | Lair:7   | Reached XP level 14. HP: 70/70 MP: 30/36
 27782 | Lair:2   | Identified a +5 rod of clouds (12/12) (You took it off a minotaur in a labyrinth)
 27783 | Lair:2   | Identified a +3 rod of inaccuracy (10/10) (You found it in a labyrinth)
 28001 | Lair:7   | Reached skill level 5 in Dodging
 28334 | Lair:7   | Offered knowledge of Bolt of Magma by Vehumet.
 28652 | Lair:8   | Entered Level 8 of the Lair of Beasts
 28685 | Lair:8   | Found a staircase to the Slime Pits.
 29867 | Lair:8   | Reached skill level 5 in Fighting
 30954 | Lair:8   | Reached ****** piety under Vehumet
 30958 | Lair:8   | Reached skill level 10 in Dodging
 31141 | Lair:8   | Got a bloodstained leather armour
 31152 | Lair:8   | Identified the +1 leather armour "Beitov" {rElec MP+9 SInv} (You found it on level 8 of the Lair of Beasts)
 31868 | Orc:1    | Entered Level 1 of the Orcish Mines
 32101 | Orc:2    | Entered Level 2 of the Orcish Mines
 32609 | Orc:2    | Reached XP level 15. HP: 85/85 MP: 24/37
 32614 | Orc:2    | Offered knowledge of Spellforged Servitor by Vehumet.
 32623 | Orc:2    | Learned a level 7 spell: Spellforged Servitor
 33611 | Orc:2    | Found a roughly hewn altar of Beogh.
 33685 | Orc:2    | Found Siroladd's Magic Scroll Shoppe.
 33685 | Orc:2    | Found Weder's Gadget Shoppe.
 33686 | Orc:2    | Found Uvup's General Store.
 33689 | Orc:2    | Found Yhanayve's Magic Scroll Emporium.
 34123 | Orc:2    | Found a staircase to the Elven Halls.
 35100 | D:11     | Offered knowledge of Bolt of Fire by Vehumet.
 35807 | D:12     | Found Haytitt's General Store.
 35876 | D:12     | Found Roahupek's Weapon Boutique.
 35911 | D:12     | Found Ziucijee's Assorted Antiques.
 36161 | D:12     | Found a glowing golden altar of the Shining One.
 36174 | D:12     | Got a steaming bronze ring
 36176 | D:12     | Identified the ring "Cear" {Int+4 Stlth-} (You found it on level 12 of the Dungeon)
 36575 | D:12     | You fall through a shaft for 3 floors!
 36575 | D:15     | Entered Level 15 of the Dungeon
 37037 | D:13     | Found a runed door.
 37038 | D:13     | Found a runed door.
 37698 | D:13     | Noticed Maud
 37739 | D:13     | Killed Maud
 37958 | D:13     | Noticed Erolcha
 37991 | D:13     | Killed Erolcha
 38691 | D:13     | Got a scorched trident
 38692 | D:13     | Identified the cursed +3 trident "Jasiky" {vamp, Int+8} (You found it on level 13 of the Dungeon)
 38988 | D:13     | Offered knowledge of Freezing Cloud by Vehumet.
 40480 | D:14     | Reached XP level 16. HP: 97/97 MP: 29/38
 40574 | D:14     | Reached skill level 10 in Fighting
 40604 | D:14     | Found a gate to the Vaults.
 41125 | D:15     | Found a staircase to the Depths.
 41185 | D:15     | Offered knowledge of Lehudib's Crystal Spear by Vehumet.
 41185 | D:15     | Offered knowledge of Glaciate by Vehumet.
 41185 | D:15     | Offered knowledge of Shatter by Vehumet.
 42123 | Spider:1 | Entered Level 1 of the Spider Nest
 43365 | Spider:1 | Reached skill level 1 in Summonings
 45569 | Spider:3 | Reached skill level 5 in Summonings
 45736 | Spider:3 | Reached skill level 15 in Conjurations
 45772 | Spider:3 | Noticed Arachne
 45955 | Spider:3 | Found a frozen archway.
 46329 | Spider:3 | Reached XP level 17. HP: 106/106 MP: 13/39
 47145 | Spider:3 | Killed Arachne
 47354 | Spider:3 | Got an ancient flail
 47355 | Spider:3 | Identified the +4 flail of No Interval {vamp, rF+ rC- Str+3 Stlth+} (You found it on level 3 of the Spider Nest)
 47925 | Spider:4 | Entered Level 4 of the Spider Nest
 48185 | D:12     | Bought a manual of Translocations for 1656 gold pieces
 48656 | Spider:4 | Reached skill level 5 in Translocations
 49239 | Spider:4 | Reached skill level 16 in Conjurations
 50941 | Spider:3 | Reached skill level 10 in Translocations
 51258 | Spider:4 | Got a gossamer rune of Zot
 51498 | Lair:2   | Learned a level 8 spell: Controlled Blink
 51676 | Vaults:1 | Entered Level 1 of the Vaults
 52243 | Vaults:1 | Reached skill level 17 in Conjurations
 53071 | Vaults:1 | Found Liashre's Food Emporium.
 53217 | Vaults:1 | Found Muqenaf's Antique Weapon Shop.
 53217 | Vaults:1 | Found Enwan Raf's Jewellery Boutique.
 53457 | Vaults:1 | Reached XP level 18. HP: 87/112 MP: 24/40
 53647 | Vaults:1 | Found Hatim's Food Shoppe.
 55306 | Vaults:2 | Found Bomeit's Antique Armour Shoppe.
 55328 | Vaults:2 | Bought a runed cloak for 175 gold pieces
 55352 | Vaults:2 | Reached skill level 18 in Conjurations
 55356 | Vaults:2 | Noticed a lich
 55358 | Vaults:2 | Killed a lich
 57653 | Vaults:3 | Reached skill level 15 in Translocations
 59962 | Vaults:3 | Reached skill level 19 in Conjurations
 60399 | Vaults:3 | Reached XP level 19. HP: 116/116 MP: 30/41
 61237 | Vaults:3 | Found a staircase to the Crypt.
 62603 | Vaults:4 | Noticed a lich
 62609 | Vaults:3 | Killed a lich
 63957 | Vaults:4 | Reached skill level 20 in Conjurations
 65000 | D:12     | Got a faintly glowing buckler
 65011 | D:12     | Identified the +4 buckler "Sinaz" {rC+ Regen+} (You took it off a kobold demonologist on level 12 of the Dungeon)
 66429 | Vaults:4 | HP: 5/116 [fire giant/fireball (58)]
 66431 | Vaults:4 | Shot with a bolt by a yaktaur captain

Skill      XL: |  1  2  3  4  5  6  7  8  9 10 11 12 13 14 15 16 17 18 19 |
---------------+----------------------------------------------------------+-----
Dodging        | 3 4 10 14 | 14.0
Spellcasting   | 4 5 8 10 11 14 16 | 16.2
Conjurations   | 2 4 7 9 11 14 15 17 19 20 | 20.5
Fire Magic     | 4 5 7 9 10 12 13 14 15 | 15.0
Charms         | 5 |  5.1
Translocations | 3 12 15 17 | 17.7
Necromancy     | 4 6 |  6.1
Fighting       | 1 6 9 12 | 12.0
Summonings     | 6 7 |  7.2
Stealth        | |  2.4

Action                   |  1- 3 |  4- 6 |  7- 9 | 10-12 | 13-15 | 16-18 | 19-21 || total
-------------------------+-------+-------+-------+-------+-------+-------+-------++-------
Melee: Club              |     4 |       |       |       |       |       |       ||     4
       Unarmed           |     1 |       |       |       |       |       |       ||     1
       Short sword       |    22 |    15 |       |       |       |       |       ||    37
       Hand axe          |       |       |   237 |       |       |       |       ||   237
       Flail             |       |       |     5 |   200 |   189 |       |       ||   394
       Trident           |       |       |       |       |     7 |   112 |    37 ||   156
 Cast: Flame Tongue      |    56 |    75 |   152 |   226 |   335 |    64 |    20 ||   928
       Conjure Flame     |     2 |       |     3 |    22 |    28 |     5 |       ||    60
       Sticky Flame      |       |     5 |    54 |   140 |   197 |   134 |    42 ||   572
       Fireball          |       |       |     5 |    57 |   429 |   589 |   223 ||  1303
       Shroud of Golubri |       |       |     5 |    39 |    41 |     8 |     2 ||    95
       Regeneration      |       |       |       |    11 |    13 |     1 |     1 ||    26
       Delayed Fireball  |       |       |       |     1 |     4 |     5 |     2 ||    12
       Orb of Destructio |       |       |       |       |     2 |    50 |     4 ||    56
       Spellforged Servi |       |       |       |       |       |     5 |       ||     5
       Controlled Blink  |       |       |       |       |       |     1 |     1 ||     2
 Abil: Release Delayed F |       |       |       |       |     4 |     5 |     2 ||    11
Evoke: Wand              |       |       |       |     6 |     4 |       |       ||    10
  Use: Scroll            |       |     8 |     4 |     7 |    10 |     7 |       ||    36
       Potion            |       |       |     2 |       |       |     1 |       ||     3
 Stab: Sleeping          |     6 |     2 |     2 |       |     1 |       |       ||    11
  Eat: Chunk             |     3 |     6 |    35 |    42 |    65 |    67 |    16 ||   234
       Fruit             |     1 |       |       |       |       |     1 |       ||     2
Armor: Robe              |     8 |     8 |    62 |   107 |       |    37 |    17 ||   239
       Leather armour    |       |       |       |    11 |    89 |    11 |       ||   111
Dodge: Dodged            |    38 |    23 |   178 |   220 |   317 |   365 |   143 ||  1284
Block: Buckler           |     9 |    11 |    66 |   102 |    89 |    78 |    24 ||   379
